AA
KANSAS CITY T-BONES @ CHICAGO DOGS
07/02/2072
 
TOP OF THE 1ST
Sioux City Explorers batting - Pitching for Fargo-Moorhead RedHawks : RHP Chris Gill
Pitching: RHP Chris Gill
Batting: RHB Danny Mondragon 0-0: Ball
1-0: Ball
2-0: Ball
3-0: Fly out, F7 (Flyball, 78D, EV 100.6 MPH)
Batting: RHB Steve MacIntosh 0-0: Swinging Strike
0-1: Foul Ball, location: 2F
0-2: Foul Ball, location: 2F
0-2: Fly out, F4 (Popup, 4M, EV 71.9 MPH)
Batting: LHB Nate Powers 0-0: Called Strike
0-1: Ball
1-1: Foul Ball, location: 2F
1-2: Ball
2-2: Ball
3-2: Fly out, F5 (Popup, 6S, EV 76.9 MPH)
Top of the 1st over - 0 runs, 0 hits, 0 errors, 0 left on base; Sioux City 0 - Fargo-Moorhead 0
BOTTOM OF THE 1ST
Fargo-Moorhead RedHawks batting - Pitching for Sioux City Explorers : RHP Liam O'Sullivan
Pitching: RHP Liam O'Sullivan
Batting: RHB Rich Boone 0-0: Called Strike
0-1: Foul Ball, location: 2F
0-2: Foul Ball, location: 2F
0-2: Fly out, F8 (Flyball, 8LD, EV 88.1 MPH)
Batting: LHB Kyle Mathis 0-0: Swinging Strike
0-1: Foul Ball, location: 2F
0-2: Foul Ball, location: 2F
0-2: Ball
1-2: Fly out, F9 (Flyball, 89M, EV 88.8 MPH)
Batting: RHB Robert Pawley 0-0: Ball
1-0: Ground out 4-3 (Groundball, 34, EV 81.9 MPH)
Bottom of the 1st over - 0 runs, 0 hits, 0 errors, 0 left on base; Sioux City 0 - Fargo-Moorhead 0
TOP OF THE 2ND
Sioux City Explorers batting - Pitching for Fargo-Moorhead RedHawks : RHP Chris Gill
Batting: SHB Jose Aguilar 0-0: Ball
1-0: Called Strike
1-1: Ball
2-1: DOUBLE (Line Drive, 89D, EV 106.9 MPH)
Batting: RHB Albert Trevino 0-0: Called Strike
0-1: Ball
1-1: DOUBLE (Line Drive, 89XD, EV 98.8 MPH)
Jose Aguilar scores
Batting: RHB Pat Desormeaux 0-0: Foul Ball, location: 2F
0-1: Ball
1-1: Fly out, F8 (Flyball, 78D, EV 85.6 MPH)
Runner from 2nd tags up, SAFE at 3rd with throw by CF
Batting: LHB Omarion Jones 0-0: Fly out, F8 (Line Drive, 8RM, EV 91.9 MPH)
Runner from 3rd tags up, SCORES, no throw by CF
Batting: RHB Teruo Tanaka 0-0: Called Strike
0-1: Foul Ball, location: 2F
0-2: Ball
1-2: Ball
2-2: Foul Ball, location: 2F
2-2: Ball
3-2: Foul Ball, location: 2F
3-2: SINGLE (Groundball, 34D, EV 95.0 MPH)
Batting: RHB Ramon Alcantara 0-0: Called Strike
Teruo Tanaka is caught stealing 2nd base 2-4
Top of the 2nd over - 2 runs, 3 hits, 0 errors, 0 left on base; Sioux City 2 - Fargo-Moorhead 0
BOTTOM OF THE 2ND
Fargo-Moorhead RedHawks batting - Pitching for Sioux City Explorers : RHP Liam O'Sullivan
Batting: LHB Noah Baker 0-0: Foul Ball, location: 2F
0-1: Ball
1-1: Ground out 6-3 (Groundball, 4M, EV 94.4 MPH)
Batting: RHB Jon Ballejos 0-0: Called Strike
0-1: Ball
1-1: Swinging Strike
1-2: Ball
2-2: Foul Ball, location: 2F
2-2: Ball
3-2: Foul Ball, location: 2F
3-2: Base on Balls
Batting: RHB Luis Nerey Balk!
Jon Ballejos to second
0-0: Called Strike
Jon Ballejos is caught stealing 3rd base 2-5
0-1: Swinging Strike
0-2: Ball
1-2: Ball
2-2: Fly out, F8 (Flyball, 8LD, EV 83.1 MPH)
Bottom of the 2nd over - 0 runs, 0 hits, 0 errors, 0 left on base; Sioux City 2 - Fargo-Moorhead 0
TOP OF THE 3RD
Sioux City Explorers batting - Pitching for Fargo-Moorhead RedHawks : RHP Chris Gill
Batting: RHB Ramon Alcantara 0-0: Called Strike
0-1: Fly out, F7 (Flyball, 7D, EV 100.6 MPH)
Batting: RHB Danny Mondragon 0-0: Foul Ball, location: 2F
0-1: Ball
1-1: Called Strike
1-2: Foul Ball, location: 2F
1-2: Ball
2-2: Fly out, F2 (Popup, 13S, EV 83.1 MPH)
Batting: RHB Steve MacIntosh 0-0: Ball
1-0: Ground out 5-3 (Groundball, 56, EV 78.8 MPH)
Top of the 3rd over - 0 runs, 0 hits, 0 errors, 0 left on base; Sioux City 2 - Fargo-Moorhead 0
BOTTOM OF THE 3RD
Fargo-Moorhead RedHawks batting - Pitching for Sioux City Explorers : RHP Liam O'Sullivan
Batting: RHB Kyle Connally 0-0: Ball
1-0: Ball
2-0: Swinging Strike
2-1: Ground out 4-3 (Groundball, 4, EV 106.9 MPH)
Batting: RHB Allen Ollison 0-0: Ball
1-0: Called Strike
1-1: Foul Ball, location: 2F
1-2: Foul Ball, location: 2F
1-2: Foul Ball, location: 2F
1-2: Ground out 6-3 (Groundball, 6, EV 101.9 MPH)
Batting: RHB Josh Ekstrand 0-0: Fly out, F9 (Flyball, 9LS, EV 85.0 MPH)
Bottom of the 3rd over - 0 runs, 0 hits, 0 errors, 0 left on base; Sioux City 2 - Fargo-Moorhead 0
TOP OF THE 4TH
Sioux City Explorers batting - Pitching for Fargo-Moorhead RedHawks : RHP Chris Gill
Batting: LHB Nate Powers 0-0: Called Strike
0-1: Fly out, F7 (Line Drive, 7, EV 97.5 MPH)
Batting: SHB Jose Aguilar 0-0: Fly out, F8 (Flyball, 78M, EV 94.4 MPH)
Batting: RHB Albert Trevino 0-0: Ball
1-0: SINGLE (Flyball, 4MD, EV 80.6 MPH)
Batting: RHB Pat Desormeaux 0-0: Ball
1-0: Foul Ball, location: 2F
1-1: Ball
2-1: Foul Ball, location: 2F
2-2: Ball
3-2: Ground out 5-3 (Groundball, 56, EV 100.6 MPH)
Top of the 4th over - 0 runs, 1 hit, 0 errors, 1 left on base; Sioux City 2 - Fargo-Moorhead 0
BOTTOM OF THE 4TH
Fargo-Moorhead RedHawks batting - Pitching for Sioux City Explorers : RHP Liam O'Sullivan
Batting: RHB Rich Boone 0-0: Called Strike
0-1: Ball
1-1: Ball
2-1: Called Strike
2-2: Ball
3-2: Foul Ball, location: 2F
3-2: Foul Ball, location: 2F
3-2: Foul Ball, location: 2F
3-2: Ground out 5-3 (Groundball, 56S, EV 80.6 MPH)
Batting: LHB Kyle Mathis 0-0: Ball
1-0: TRIPLE (Flyball, 7D, EV 90.6 MPH)
Batting: RHB Robert Pawley 0-0: Called Strike
0-1: Ball
1-1: Fly out, F9 (Flyball, 9S, EV 85.0 MPH)
Batting: LHB Noah Baker 0-0: Ground out U3 (Groundball, 34S, EV 88.8 MPH)
Bottom of the 4th over - 0 runs, 1 hit, 0 errors, 1 left on base; Sioux City 2 - Fargo-Moorhead 0
TOP OF THE 5TH
Sioux City Explorers batting - Pitching for Fargo-Moorhead RedHawks : RHP Chris Gill
Batting: LHB Omarion Jones 0-0: Called Strike
0-1: Fly out, F7 (Flyball, 7LM, EV 95.0 MPH)
Batting: RHB Teruo Tanaka 0-0: Fly out, F9 (Line Drive, 9D, EV 108.1 MPH)
Batting: RHB Ramon Alcantara 0-0: Called Strike
0-1: Swinging Strike
0-2: Ball
1-2: Ball
2-2: Foul Ball, location: 2F
2-2: Fly out, F8 (Line Drive, 8RD, EV 90.6 MPH)
Top of the 5th over - 0 runs, 0 hits, 0 errors, 0 left on base; Sioux City 2 - Fargo-Moorhead 0
BOTTOM OF THE 5TH
Fargo-Moorhead RedHawks batting - Pitching for Sioux City Explorers : RHP Liam O'Sullivan
Batting: RHB Jon Ballejos 0-0: Called Strike
0-1: Ball
1-1: Fly out, F4 (Line Drive, 4, EV 70.6 MPH)
Batting: RHB Luis Nerey 0-0: Called Strike
0-1: Swinging Strike
0-2: Ground out 6-3 (Groundball, 6S, EV 66.2 MPH)
Batting: RHB Kyle Connally 0-0: Fly out, F9 (Flyball, 9LM, EV 100.6 MPH)
Bottom of the 5th over - 0 runs, 0 hits, 0 errors, 0 left on base; Sioux City 2 - Fargo-Moorhead 0
TOP OF THE 6TH
Sioux City Explorers batting - Pitching for Fargo-Moorhead RedHawks : RHP Chris Gill
Batting: RHB Danny Mondragon 0-0: Called Strike
0-1: Foul Ball, location: 2F
0-2: Ground out 5-3 (Groundball, 56, EV 85.0 MPH)
Batting: RHB Steve MacIntosh 0-0: Ball
1-0: Ball
2-0: SINGLE (Flyball, 5D, EV 89.4 MPH)
Batting: LHB Nate Powers 0-0: Ball
1-0: Called Strike
Steve MacIntosh is caught stealing 2nd base 2-6
1-1: TRIPLE (Flyball, 78XD, EV 111.9 MPH)
Batting: SHB Jose Aguilar 0-0: Called Strike
0-1: Ball
1-1: Foul Ball, location: 2F
1-2: Ball
2-2: Ball
3-2: Foul Ball, location: 2F
3-2: Foul Ball, location: 2F
3-2: Fly out, F8 (Flyball, 89XD, EV 93.8 MPH)
Top of the 6th over - 0 runs, 2 hits, 0 errors, 1 left on base; Sioux City 2 - Fargo-Moorhead 0
BOTTOM OF THE 6TH
Fargo-Moorhead RedHawks batting - Pitching for Sioux City Explorers : RHP Liam O'Sullivan
Batting: RHB Allen Ollison 0-0: Called Strike
0-1: Ball
1-1: Fly out, F6 (Popup, 25, EV 74.4 MPH)
Batting: RHB Josh Ekstrand 0-0: Ball
1-0: Ball
2-0: SINGLE (Line Drive, 78M, EV 107.5 MPH)
Batting: RHB Rich Boone 0-0: Ball
1-0: Ball
2-0: Foul Ball, location: 2F
2-1: Called Strike
2-2: Ground out 5-3 (Groundball, 56, EV 106.9 MPH)
Josh Ekstrand to second
Batting: LHB Kyle Mathis 0-0: Ball
1-0: Ball
2-0: Ball
3-0: Base on Balls
Batting: RHB Robert Pawley 0-0: Ball
1-0: Ball
2-0: Ball
3-0: Called Strike
3-1: Fly out, F8 (Line Drive, 8RD, EV 92.5 MPH)
Bottom of the 6th over - 0 runs, 1 hit, 0 errors, 2 left on base; Sioux City 2 - Fargo-Moorhead 0
TOP OF THE 7TH
Sioux City Explorers batting - Pitching for Fargo-Moorhead RedHawks : RHP Chris Gill
Batting: RHB Albert Trevino 0-0: Swinging Strike
0-1: Ball
1-1: Ball
2-1: Foul Ball, location: 2F
2-2: Reached on error, E6 (Groundball, 6, EV 86.2 MPH)
Batting: RHB Pat Desormeaux 0-0: Sac Bunt to 5S - play at first, batter OUT! 5-3
Albert Trevino to second
Batting: LHB Omarion Jones 0-0: Ball
1-0: Foul Ball, location: 2F
1-1: Ball
2-1: Foul Ball, location: 2F
2-2: SINGLE (Groundball, 6MS, EV 80.0 MPH) (infield hit)
Albert Trevino to third
Batting: RHB Teruo Tanaka 0-0: Ball
1-0: Ball
2-0: Ball
3-0: Called Strike
3-1: Swinging Strike
3-2: Grounds into double play, 4-6-3 (Groundball, 34, EV 80.6 MPH)
Top of the 7th over - 0 runs, 1 hit, 1 error, 1 left on base; Sioux City 2 - Fargo-Moorhead 0
BOTTOM OF THE 7TH
Fargo-Moorhead RedHawks batting - Pitching for Sioux City Explorers : RHP Liam O'Sullivan
Batting: LHB Noah Baker 0-0: Fly out, F9 (Flyball, 89S, EV 84.4 MPH)
Batting: RHB Jon Ballejos 0-0: Called Strike
0-1: Called Strike
0-2: Foul Ball, location: 2F
0-2: Ball
1-2: SINGLE (Groundball, 4M, EV 104.4 MPH) (infield hit)
Batting: RHB Luis Nerey 0-0: Ground out 4-3 (Groundball, 34, EV 103.8 MPH)
Jon Ballejos to second
Batting: RHB Kyle Connally 0-0: Foul Ball, location: 2F
0-1: Ball
1-1: Foul Ball, location: 2F
1-2: Ground out 4-3 (Groundball, 13, EV 87.5 MPH)
Bottom of the 7th over - 0 runs, 1 hit, 0 errors, 1 left on base; Sioux City 2 - Fargo-Moorhead 0
TOP OF THE 8TH
Sioux City Explorers batting - Pitching for Fargo-Moorhead RedHawks : RHP Chris Gill
Batting: RHB Ramon Alcantara 0-0: Ball
1-0: Foul Ball, location: 2F
1-1: Swinging Strike
1-2: Foul Ball, location: 2F
1-2: DOUBLE (Flyball, 8LXD, EV 102.5 MPH)
Batting: RHB Danny Mondragon 0-0: Ball
1-0: Fly out, F9 (Flyball, 9, EV 90.0 MPH)
Runner from 2nd tags up, SAFE at 3rd with throw by RF
Batting: RHB Steve MacIntosh 0-0: Ball
1-0: Swinging Strike
1-1: Swinging Strike
1-2: Ball
2-2: Ball
3-2: Foul Ball, location: 2F
3-2: Fly out, F7 (Flyball, 7LD, EV 89.4 MPH)
Runner from 3rd tags up, SCORES, throw by LF
Batting: LHB Nate Powers 0-0: Called Strike
0-1: Ball
1-1: Ball
2-1: DOUBLE (Line Drive, 89XD, EV 103.8 MPH)
Pitching: LHP Bill Cocherell
Batting: SHB Jose Aguilar 0-0: Called Strike
0-1: Called Strike
0-2: Ball
1-2: Ball
2-2: Strikes out swinging
Top of the 8th over - 1 run, 2 hits, 0 errors, 1 left on base; Sioux City 3 - Fargo-Moorhead 0
BOTTOM OF THE 8TH
Fargo-Moorhead RedHawks batting - Pitching for Sioux City Explorers : RHP Liam O'Sullivan
Batting: RHB Allen Ollison 0-0: Swinging Strike
0-1: DOUBLE (Flyball, 8RXD, EV 105.0 MPH)
Batting: RHB Josh Ekstrand 0-0: Ground out 6-3 (Groundball, 6, EV 98.1 MPH)
Batting: RHB Rich Boone 0-0: Called Strike
0-1: SINGLE (Flyball, 7S, EV 83.1 MPH)
Allen Ollison to third
Runner from 3rd tries for Home, SAFE, throw by LF to home
Batting: LHB Kyle Mathis 0-0: Called Strike
0-1: Fly out, F9 (Flyball, 9D, EV 85.6 MPH)
Batting: RHB Robert Pawley 0-0: Foul Ball, location: 2F
0-1: Fielders Choice at 2nd, 6-4 (Groundball, 6, EV 83.1 MPH)
Bottom of the 8th over - 1 run, 2 hits, 0 errors, 1 left on base; Sioux City 3 - Fargo-Moorhead 1
TOP OF THE 9TH
Sioux City Explorers batting - Pitching for Fargo-Moorhead RedHawks : LHP Bill Cocherell
Pitching: RHP Seth Harvey
Batting: RHB Albert Trevino 0-0: Ball
1-0: Ball
2-0: Swinging Strike
2-1: Ball
3-1: Swinging Strike
3-2: Strikes out looking
Batting: RHB Pat Desormeaux 0-0: Ball
1-0: Swinging Strike
1-1: Swinging Strike
1-2: Ball
2-2: Ball
3-2: Foul Ball, location: 2F
3-2: Strikes out swinging
Batting: LHB Omarion Jones 0-0: Ball
1-0: Ball
2-0: Called Strike
2-1: DOUBLE (Line Drive, 3D, EV 100.0 MPH)
Batting: RHB Teruo Tanaka 0-0: Called Strike
0-1: Ground out 4-3 (Groundball, 4, EV 82.5 MPH)
Top of the 9th over - 0 runs, 1 hit, 0 errors, 1 left on base; Sioux City 3 - Fargo-Moorhead 1
BOTTOM OF THE 9TH
Fargo-Moorhead RedHawks batting - Pitching for Sioux City Explorers : RHP Liam O'Sullivan
Pitching: LHP Anthony Auletta
Batting: LHB Noah Baker 0-0: Ball
1-0: Fly out, F9 (Flyball, 9LD, EV 88.8 MPH)
Batting: RHB Jon Ballejos 0-0: Ball
1-0: Ball
2-0: Ball
3-0: Swinging Strike
3-1: Foul Ball, location: 2F
3-2: Foul Ball, location: 2F
3-2: Fly out, F5 (Line Drive, 5, EV 68.8 MPH)
Batting: RHB Luis Nerey 0-0: Fly out, F4 (Popup, 4, EV 58.1 MPH)
Bottom of the 9th over - 0 runs, 0 hits, 0 errors, 0 left on base; Sioux City 3 - Fargo-Moorhead 1
Tuesday, October 26th , 2021 - OOTP Baseball 22.10 Build 79